 Dungeon Crawl Stone Soup version 0.28-a0-724-g66f9036eb4 (webtiles) character file.

Game seed: 5219458543064437623

7018 sn0wgr3 the Blocker (level 10, -4/83 HPs)
             Began as a Minotaur Fighter on Oct 26, 2021.
             Was a Plaything of Xom.
             Slain by Fannar the two-headed ogre (9 damage)
             ... on level 11 of the Dungeon.
             The game lasted 00:05:27 (11061 turns).

sn0wgr3 the Blocker (Minotaur Fighter)             Turns: 11061, Time: 00:05:27

Health: -4/83      AC: 24    Str: 25 (26) XL:     10   Next: 82%
Magic:  0/9        EV:  9    Int:  5      God:    Xom [...*..]
Gold:   1096       SH:  6    Dex:  9      Spells: 9/9 levels left

rFire   + . .      SeeInvis .   t - +1 hand axe (elec)
rCold   + . .      Faith    .   c - +0 buckler
rNeg    . . .      Spirit   +   y - +0 plate armour
rPois   .          Reflect  .   (helmet unavailable)
rElec   .          Harm     .   f - +0 cloak
rCorr   .          Rampage  .   m - +1 pair of gloves of Carrauco {Str+3}
Will    .....                   A - +0 pair of boots
Stlth   ..........              n - amulet of guardian spirit
HPRegen 0.00/turn               k - ring of protection from cold
MPRegen 0.11/turn               p - +4 ring of protection

@: inhibited regen, unable to read
A: horns 3, retaliatory headbutt, clumsy 1, fire resistance 1, frail 1, mutation
resistance 1, inhibited regeneration, subdued magic 1, inability to read while
threatened
a: Renounce Religion


You were on level 11 of the Dungeon.
You worshipped Xom.
You were a favourite toy of Xom.
You visited 1 branch of the dungeon, and saw 11 of its levels.
You also visited: Sewer.

You collected 1157 gold pieces.
You spent 61 gold pieces at shops.

Inventory:

Hand Weapons
 a - a +1 war axe
 b - a +0 broad axe
   (You found it on level 6 of the Dungeon)
 h - a +2 hand axe of venom
   (You took it off Terence on level 2 of the Dungeon)
 t - a +1 hand axe of electrocution (weapon)
   (You took it off Harold on level 8 of the Dungeon)
Missiles
 s - a throwing net (quivered)
Armour
 c - a +0 buckler (worn)
 f - a +0 cloak (worn)
   (You took it off Crazy Yiuf on level 5 of the Dungeon)
 m - the +1 pair of gloves of Carrauco (worn) {Str+3}
   (You found it on level 7 of the Dungeon)

   Str:       It affects your strength (+3).
 y - a +0 plate armour (worn)
   (You found it on level 6 of the Dungeon)
 A - a +0 pair of boots (worn)
   (You found it on level 10 of the Dungeon)
Jewellery
 i - a ring of see invisible
   (You found it on level 3 of the Dungeon)
 k - a ring of protection from cold (left hand)
   (You found it on level 11 of the Dungeon)
 l - a +4 ring of evasion
   (You found it on level 10 of the Dungeon)
 n - an amulet of guardian spirit (around neck)
   (You found it on level 7 of the Dungeon)
 o - a ring of poison resistance
   (You found it on level 10 of the Dungeon)
 p - a +4 ring of protection (right hand)
   (You found it on level 5 of the Dungeon)
Wands
 j - a wand of polymorph (16)
   (You took it off Jessica on level 3 of the Dungeon)
 v - a wand of digging (3)
   (You found it on level 10 of the Dungeon)
Scrolls
 g - a scroll of magic mapping
 r - 4 scrolls of identify
 u - a scroll of fog
 x - 3 scrolls of enchant weapon
 z - a scroll of blinking
 B - 2 scrolls of fear
Potions
 d - 4 potions of might
 e - 2 potions of attraction
 q - 8 potions of curing
 w - 3 potions of heal wounds


   Skills:
 * Level 10.1 Fighting
 * Level 9.9 Axes
 * Level 10.2 Armour
 + Level 5.4 Dodging
 * Level 10.2 Shields


You had 9 spell levels left.
You didn't know any spells.
Your spell library was empty.

Dungeon Overview and Level Annotations

Branches:
Dungeon (11/15)            Temple (0/1) D:5            Lair (0/6) D:8
  Sewer (visited)
    Orc: D:9-12

Altars:
Ashenzari
Dithmenos
Elyvilon
Fedhas
Kikubaaqudgha
Nemelex Xobeh
Sif Muna
Uskayaw
Vehumet
Xom
Zin
The Shining One

Shops:
D:2 **=   D:3 =   D:9 *   D:10 =

Annotations:
D:11 Fannar


Innate Abilities, Weirdness & Mutations

You have a pair of large horns on your head.
You reflexively headbutt those who attack you in melee.
You are clumsy. (Dex -2)
Your flesh is heat resistant. (rF+)
You are frail. (-10% HP)
You are somewhat resistant to further mutation.
You do not regenerate when monsters are visible.
Your spells are a little easier to cast, but a little less powerful.
You sometimes lose the ability to read scrolls when taking damage.


Message History

You are too injured to fight recklessly!
You are too injured to fight recklessly!
You miss Fannar. Your headbutt misses Fannar.
Fannar is severely wounded.
Fannar casts a spell.
You hit Fannar but do no damage.
Fannar is severely wounded.
You hit Fannar but do no damage.
Fannar is severely wounded.
Fannar gestures wildly while chanting.
Fannar drains the heat from the surrounding environment!
You resist.
* * * LOW HITPOINT WARNING * * *
You barely miss Fannar. Your headbutt misses Fannar.
Fannar is severely wounded.
Xom's power touches on a nearby monster.
Fannar evaporates and reforms as a two-headed ogre!
You completely miss Fannar. You headbutt Fannar!
Fannar is heavily wounded.
You hit the ice beast but do no damage. Fannar hits you!
* * * LOW HITPOINT WARNING * * *
Fannar hits you but does no damage. You block the ice beast's attack.
You closely miss Fannar. Your headbutt misses Fannar.
Fannar is heavily wounded.
You hit the ice beast but do no damage.
Lightning courses through the ice beast!
Fannar completely misses you. Fannar hits you but does no damage.
You slash Fannar! Lightning courses through Fannar!
Your headbutt misses Fannar.
Fannar is severely wounded.
You barely miss the ice beast. The ice beast barely misses you.
Your plate armour prevents you from hitting Fannar.
Fannar is severely wounded.
You hit the ice beast but do no damage.
Lightning courses through the ice beast!
You kill the ice beast!
The ice beast disappears in a puff of smoke!
Fannar hits you!
You die...
Xom cackles wildly!

#.....##.# #.##...# #.##......
#.....##.# #.##...# #.##......
#.....##.# #.##...# #.##......
#.....##.###.##...# #.##......
#.....##.....##...# #.........
#.....##.(...# .# #.........
#............# ..# #.........
#........##..##...###......#..
#........##..@O............#..
#....##..##...ยง..###.......#..
#....##..##......# #.......#..
#....##..##......# #.......#..
#....##..##......# #.......#..
#.... #..##......# #.......#..
#......# #.......#.. #....:.#
#.......#.. #.......#..


You could see Fannar the two-headed ogre.

Vanquished Creatures
  Harold (D:8)
  A manticore (D:11)
  A rime drake (D:8)
  A yaktaur (D:10)
  Grinder (D:5)
  2 hornets
  Sigmund (D:2)
  A wraith (D:10)
  3 yaks (D:7)
  2 steam dragons
  3 ice beasts
  A black bear (D:4)
  2 necrophages (D:6)
  7 centaurs
  3 ogres
  A phantom (D:5)
  2 lemures (D:8)
  A kobold brigand (Sewer)
  Blork the orc (D:6)
  2 gnoll sergeants
  5 scorpions
  A bullfrog (D:7)
  A water moccasin skeleton (D:6)
  6 wights (D:8)
  5 howler monkeys (D:10)
  A bullfrog zombie (D:6)
  4 centaur zombies
  2 hounds
  A jelly (D:5)
  Crazy Yiuf (D:5)
  3 orc priests
  Jessica (D:3)
  A centaur skeleton (D:6)
  Natasha (thrice) (D:3)
  2 iguanas
  4 orc wizards
  Terence (D:2)
  2 howler monkey zombies
  11 gnolls
  5 river rats (Sewer)
  9 adders
  A shadow imp (D:6)
  An ufetubus (D:6)
  6 worms
  2 dart slugs
  29 orcs
  7 ball pythons
  A bat (D:2)
  12 endoplasms
  4 giant cockroaches
  5 goblins
  11 hobgoblins
  4 jackals (D:1)
  20 kobolds
  4 quokkas
  4 frilled lizards
  25 rats
242 creatures vanquished.

Notes
Turn   | Place    | Note
-------+----------+-------------------------------------------
     0 | D:1      | sn0wgr3 the Minotaur Fighter began the quest for the Orb.
     0 | D:1      | Reached XP level 1. HP: 19/19 MP: 0/0
    17 | D:1      | Reached XP level 2. HP: 20/27 MP: 1/1
   660 | D:2      | Found Jetuoz's General Store.
   680 | D:2      | Reached XP level 3. HP: 33/33 MP: 2/2
   865 | D:2      | Reached XP level 4. HP: 24/40 MP: 3/3
  1213 | D:2      | Found a white marble altar of Elyvilon.
  1221 | D:2      | Noticed Terence
  1227 | D:2      | Killed Terence
  1520 | D:2      | Found Vided's Assorted Antiques.
  1526 | D:2      | Bought a scroll labelled YPTYAGH QELUE for 18 gold pieces
  1552 | D:2      | Found Akhysuro's Jewellery Boutique.
  1602 | D:2      | Noticed Sigmund
  1611 | D:2      | Killed Sigmund
  1612 | D:2      | Reached skill level 5 in Fighting
  1612 | D:2      | Reached skill level 5 in Armour
  1612 | D:2      | Reached skill level 5 in Shields
  1612 | D:2      | Reached XP level 5. HP: 40/48 MP: 4/4
  1714 | D:2      | Reached XP level 6. HP: 56/56 MP: 5/5
  1760 | D:2      | Bought a pink potion for 16 gold pieces
  1866 | D:3      | Found a shimmering altar of Xom.
  1891 | D:3      | Became a worshipper of Xom of Chaos
  1920 | D:3      | Noticed Natasha
  1926 | D:3      | Killed Natasha
  1980 | D:3      | Found a faded altar of an unknown god.
  2094 | D:3      | Noticed Natasha
  2102 | D:3      | Killed Natasha
  2174 | D:3      | XOM: silly message
  2358 | D:3      | Noticed Natasha
  2362 | D:3      | Killed Natasha
  2410 | D:3      | Noticed Jessica
  2420 | D:3      | Killed Jessica
  2586 | D:3      | Found Violieso's Jewellery Shoppe.
  2767 | D:4      | XOM: potion effect (brilliance)
  2772 | D:4      | Reached skill level 1 in Dodging
  2960 | D:4      | Reached XP level 7. HP: 32/61 MP: 6/6
  2961 | D:4      | XOM: enchant monster (good)
  2963 | D:4      | Reached skill level 5 in Axes
  3144 | D:4      | XOM: draining
  3227 | D:4      | Found a shadowy altar of Dithmenos.
  3419 | D:4      | XOM: swap monsters
  3991 | D:4      | XOM: cloud trail
  4192 | D:4      | XOM: give mutation
  4192 | D:4      | Gained mutation: You are strong-willed. (Will+) [Xom's
                  | grace]
  4354 | D:4      | Found a shimmering blue altar of Sif Muna.
  4402 | D:5      | Entered Level 5 of the Dungeon
  4420 | D:5      | XOM: fog
  4622 | D:5      | XOM is BORED!
  4760 | D:5      | Reached XP level 8. HP: 57/71 MP: 7/7
  4866 | D:5      | XOM: 3-stop teleportation journey
  4983 | D:5      | XOM: cloud trail
  5104 | D:5      | XOM: potion effect (invisibility)
  5124 | D:5      | Noticed Grinder
  5139 | D:5      | Killed Grinder
  5261 | D:5      | XOM: scenery: 2 doors close
  5282 | D:5      | Found a runed translucent door.
  5283 | D:5      | Noticed Crazy Yiuf
  5500 | D:5      | Found a staircase to the Ecumenical Temple.
  5687 | D:5      | Killed Crazy Yiuf
  5720 | D:6      | XOM: stealth player
  5961 | D:6      | XOM: cleaving
  5968 | D:6      | Reached XP level 9. HP: 79/79 MP: 8/8
  6021 | D:6      | Found a glowing drain.
  6039 | Sewer    | Entered a sewer
  6389 | Sewer    | XOM: 1-stop teleportation journey
  6773 | D:6      | XOM: 2-stop teleportation journey
  6820 | D:6      | Found a glowing silver altar of Zin.
  6831 | D:6      | XOM: give mutations
  6831 | D:6      | Gained mutation: You are clumsy. (Dex -2) [Xom's mischief]
  6831 | D:6      | Gained mutation: Your flesh is heat resistant. (rF+) [Xom's
                  | mischief]
  6831 | D:6      | Gained mutation: You are weak. (Str -2) [Xom's mischief]
  6831 | D:6      | Gained mutation: You are somewhat resistant to further
                  | mutation. [Xom's mischief]
  6878 | D:6      | Identified a scroll of acquirement
  6898 | D:6      | Acquired 722 gold pieces
  7101 | D:6      | Noticed Blork the orc
  7107 | D:6      | Killed Blork the orc
  7277 | D:6      | XOM: give mutations
  7277 | D:6      | Gained mutation: You have a pair of large horns on your
                  | head. [Xom's mischief]
  7277 | D:6      | Lost mutation: You are weak. (Str -2) [Xom's mischief]
  7277 | D:6      | Gained mutation: You do not regenerate when monsters are
                  | visible. [Xom's mischief]
  7277 | D:6      | Gained mutation: You sometimes lose the ability to read
                  | scrolls when taking damage. [Xom's mischief]
  7463 | D:7      | XOM: smoke on damage
  7613 | D:7      | Identified the +1 pair of gloves of Carrauco {Str+3}
  7622 | D:7      | Found a broken altar of Ashenzari.
  7824 | D:7      | XOM: summons 1 hostile demon
  7828 | D:7      | XOM: summons 8 friendly demons
  8044 | D:8      | Found a radiant altar of Vehumet.
  8078 | D:8      | Noticed Harold
  8089 | D:8      | Killed Harold
  8090 | D:8      | Reached XP level 10. HP: 52/91 MP: 9/9
  8499 | D:8      | XOM: 4-stop teleportation journey
  8736 | D:8      | Noticed Pikel
  8737 | D:8      | Noticed Pikel
  8737 | D:8      | Pikel changed into Pikel the rime drake
  8737 | D:8      | XOM: polymorph Pikel -> Pikel the rime drake
  8747 | D:8      | Killed Pikel the rime drake
  8749 | D:8      | XOM: divination: detect items
  8793 | D:8      | XOM: give mutation
  8793 | D:8      | Gained mutation: Your spells are a little easier to cast,
                  | but a little less powerful. [Xom's mischief]
  8967 | D:8      | XOM: draining
  8997 | D:8      | Found a staircase to the Lair.
  9071 | D:8      | XOM: give mutations
  9071 | D:8      | Lost mutation: You are strong-willed. (Will+) [Xom's
                  | mischief]
  9071 | D:8      | Gained mutation: You are frail. (-10% HP) [Xom's mischief]
  9222 | D:9      | XOM: stat loss: -1 Int (4/5)
  9292 | D:9      | Found Wylu Seq's Assorted Antiques.
  9313 | D:9      | Bought a scroll labelled JUCVAT HASMURGH for 27 gold pieces
  9329 | D:9      | Noticed a five-headed hydra
  9329 | D:9      | Noticed a centaur warrior
  9329 | D:9      | Noticed a boulder beetle
  9335 | D:9      | XOM: chaos cloud
  9742 | D:9      | XOM: enchant monster (good)
  9751 | D:9      | XOM: torment (36/72 hp)
 10047 | D:10     | Entered Level 10 of the Dungeon
 10061 | D:10     | XOM: silly message
 10183 | D:10     | XOM: divination: detect items
 10210 | D:10     | XOM: silly message
 10212 | D:10     | Paralysed by a hornet for 2 turns
 10218 | D:10     | Reached skill level 5 in Dodging
 10265 | D:10     | XOM: cast spell 'Alistair's Intoxication'
 10525 | D:10     | Found an ancient bone altar of Kikubaaqudgha.
 10525 | D:10     | Found a hide-covered altar of Uskayaw.
 10567 | D:10     | XOM: enchant monster (bad)
 10575 | D:10     | Reached skill level 10 in Armour
 10575 | D:10     | Reached skill level 10 in Shields
 10606 | D:10     | Found Angaavus's Jewellery Boutique.
 10725 | D:10     | XOM: cleaving
 10731 | D:10     | Reached skill level 10 in Fighting
 10763 | D:10     | Found a blossoming altar of Fedhas.
 10766 | D:10     | Found a sparkling altar of Nemelex Xobeh.
 10768 | D:10     | Found a glowing golden altar of the Shining One.
 10938 | D:11     | Noticed a manticore
 10947 | D:11     | Killed a manticore
 10968 | D:11     | XOM: stat loss: -1 Str (25/26)
 11041 | D:11     | Noticed Fannar
 11057 | D:11     | Noticed Fannar
 11057 | D:11     | Fannar changed into Fannar the two-headed ogre
 11057 | D:11     | XOM: polymorph Fannar -> Fannar the two-headed ogre
 11061 | D:11     | Slain by Fannar the two-headed ogre

Illustrated notes

Levels and vault maps discovered:
D:1:      dpeg_arrival_simpleton_b, layout_rooms
D:2:      layout_loops_ring, serial_shops, shop, nicolae_shop_statue_plus,
          nicolae_lakefront_shop, basic_altar, serial_glass, glass_columns_a,
          glass_columns_c, minmay_strange_pillars, item_on_display_a,
          corexii_item_surrounded_by_moat, minmay_misc_feat_nine_boxes,
          minmay_circle_x, uniq_sigmund, uniq_terence
D:3:      layout_loops_cross, mainiacjoe_overflow_24_doors, serial_shops,
          shop_statue, shapermc_ecumenical_altar_starsandcircs, uniq_natasha,
          uniq_jessica
D:4:      layout_layer_cave, grunt_dithmenos_smoke, kennysheep_orc_sif_temple
D:5:      layout_gridville, minmay_temple_entry_nine_rooms,
          minmay_misc_feat_rows, uniq_grinder, uniq_crazy_yiuf_cottage
D:6:      layout_basic, lemuel_round_altar, gup_sewer_entry_bubbles,
          uniq_blork_the_orc
D:7:      layout_basic, evilmike_ruin_ashenzari
D:8:      layout_loops_ring, kennysheep_little_box, lair_entry_dummy,
          eino_small_chamber_without_monster, uniq_harold, uniq_pikel
D:9:      minmay_blocky_corners, layout_long_grid, serial_shops,
          nicolae_shop_waterfront
D:10:     layout_basic, nicolae_overflow_hidden_temple,
          gammafunk_temple_overflow_wave, serial_shops, nicolae_take_the_stairs,
          nrook_campfire, ebering_dispersal_statue_hall
D:11:     layout_long_grid, serial_shops, shop_statue, uniq_erica, uniq_fannar,
          uniq_grum

Skill      XL: |  1  2  3  4  5  6  7  8  9 10 |
---------------+-------------------------------+-----
Shields        | 4 5 6 7 9 10 | 10.2
Armour         | 4 5 6 7 9 10 | 10.2
Fighting       | 4 5 6 7 9 10 | 10.1
Axes           | 3 4 5 7 8 9 |  9.9
Dodging        | 1 2 3 4 5 |  5.4

Action                   |  1- 3 |  4- 6 |  7- 9 | 10-12 || total
-------------------------+-------+-------+-------+-------++-------
Melee: War axe           |    55 |     9 |       |       ||    64
       Headbutt          |     4 |    15 |    83 |    30 ||   132
       Hand axe          |       |    69 |   305 |   148 ||   522
       Unarmed           |       |    17 |       |       ||    17
  Use: Scroll            |     5 |     1 |     4 |     2 ||    12
       Potion            |       |     3 |     4 |     1 ||     8
 Stab: Petrifying        |       |       |     1 |       ||     1
       Distracted        |       |       |     1 |       ||     1
Armor: Scale mail        |    31 |    24 |    23 |       ||    78
       Plate armour      |       |       |   116 |   120 ||   236
Dodge: Dodged            |    29 |    37 |   107 |    59 ||   232
Block: Buckler           |    16 |    14 |    79 |    42 ||   151

Table legend: (Time is in decaauts)
 A = Elapsed time spent in this place.
 B = Non-inter-level travel time spent in this place.
 C = Inter-level travel time spent in this place.
 D = Time resting spent in this place.
 E = Time spent auto-exploring this place.
 F = Levels seen in this place.
 G = Mean time per level.
                   A        B        C        D        E       F      G
               +--------+--------+--------+--------+--------+-----+--------+
         Total |  11084 |  10782 |    302 |    901 |   8410 |  12 |  923.7 |
       Dungeon |  10495 |  10193 |    302 |    901 |   7998 |  11 |  954.1 |
         Sewer |    589 |    589 |      0 |      0 |    411 |   1 |  589.0 |
               +--------+--------+--------+--------+--------+-----+--------+

Top non-repeatable levels by time:
     D:4: 1642 daAuts
     D:8: 1348 daAuts
     D:5: 1317 daAuts
     D:2: 1205 daAuts
     D:6: 1179 daAuts
     D:3: 959 daAuts
    D:10: 885 daAuts
     D:9: 649 daAuts
     D:1: 611 daAuts
   Sewer: 589 daAuts
     D:7: 578 daAuts
    D:11: 117 daAuts
